Map: [ESL] Data-C

Players

ShoWTimE

  • Race: Protoss Protoss
  • Spawn Location: 3:00

DRG - Winner!

  • Race: Zerg Zerg
  • Spawn Location: 9:00

Event: DreamHack SC2 Masters 2022 Valencia

VOD

Have the link to the VOD?

Description

Time

  • Played on: July 1, 2022, 1:15 p.m.
  • Length: 12:03

All games in this series

Show
View Real Time Build Order
Export as new Build Order

ShoWTimE Protoss 

Build Orders: 1 Gate Expand, Oracle Opening 

Get SALT Encoding   

  12  0:00  Probe  
  13  0:12  Probe  
  14  0:18  Pylon  
  14  0:24  Probe  
  15  0:36  Probe (Chrono Boost)  
  15  0:39  Gateway  
  16  0:46  Probe (Chrono Boost)  
  16  0:47  Assimilator  
  17  0:51  Probe (Chrono Boost)  
  18  1:03  Probe  
  19  1:15  Probe  
  20  1:25  Nexus  
  20  1:27  Probe  
  21  1:39  Cybernetics Core  
  21  1:43  Assimilator  
  21  1:46  Probe  
  22  1:52  Pylon  
  22  1:58  Probe  
  23  2:11  Probe (Chrono Boost)  
  23  2:15  Adept  
  26  2:17  Stargate  
  26  2:22  Probe (Chrono Boost)  
  27  2:24  Warp Gate  
  27  2:27  Probe (Chrono Boost)  
  28  2:38  Probe x2 (Chrono Boost)  
  30  2:46  Stalker  
  30  2:48  Probe x2 (Chrono Boost)  
  34  2:53  Probe x2 (Chrono Boost)  
  36  3:00  Oracle (Chrono Boost)  
  36  3:03  Probe  
  36  3:04  Probe  
  41  3:10  Pylon  
  41  3:16  Probe x2  
  43  3:24  Gateway  
  43  3:28  Oracle (Chrono Boost), Probe x2  
  47  3:42  Probe x2  
  47  3:47  Pylon  
  49  3:51  Nexus  
  49  3:56  Pylon  
  49  3:57  Probe x2  
  49  4:02  Oracle  
  54  4:07  Assimilator  
  54  4:09  Assimilator  
  54  4:11  Probe  
  54  4:12  Probe  
  54  4:17  Twilight Council  
  56  4:21  Forge  
  56  4:23  Probe  
  56  4:24  Probe (Chrono Boost)  
  58  4:35  Probe (Chrono Boost)  
  60  4:43  Probe (Chrono Boost)  
  60  4:45  Probe (Chrono Boost)  
  61  4:47  Gateway  
  61  4:49  Probe (Chrono Boost), Gateway  
  61  4:50  Probe (Chrono Boost)  
  63  4:57  Adept  
  65  5:00  Blink (Chrono Boost)  
  65  5:01  Probe (Chrono Boost)  
  65  5:03  Probe (Chrono Boost)  
  65  5:05  Protoss Ground Weapons Level 1 (Chrono Boost), Probe (Chrono Boost)  
  68  5:11  Sentry  
  68  5:13  Probe x2 (Chrono Boost)  
  73  5:16  Pylon, Probe (Chrono Boost)  
  73  5:17  Probe (Chrono Boost)  
  73  5:18  Probe (Chrono Boost)  
  72  5:21  Sentry  
  72  5:25  Probe  
  72  5:28  Probe  
  76  5:29  Probe  
  76  5:30  Gateway  
  76  5:32  Forge  
  77  5:36  Gateway  
  77  5:37  Probe  
  77  5:39  Gateway  
  77  5:41  Phoenix x2  
  77  5:42  Gateway  
  78  5:44  Gateway  
  78  5:48  Photon Cannon  
  78  5:52  Stalker x2  
  82  5:59  Stalker  
  82  6:02  Pylon  
  84  6:09  Nexus  
  84  6:15  Stalker x2, Pylon  
  88  6:20  Probe x3  
  91  6:27  Oracle  
  91  6:32  Probe x2  
  96  6:33  Photon Cannon, Protoss Ground Armor Level 1 (Chrono Boost)  
  96  6:34  Charge (Chrono Boost)  
  96  6:38  Stalker x3  
  102  6:48  Stalker x2  
  102  6:49  Stalker  
  102  6:50  Probe  
  109  6:57  Pylon  
  109  6:58  Pylon  
  109  7:01  Pylon, Shield Battery  
  109  7:06  Protoss Ground Weapons Level 2 (Chrono Boost)  
  109  7:15  Probe x3  
  112  7:22  Probe, Gateway  
  113  7:24  Gateway  
  113  7:27  Probe x3  
  113  7:28  Photon Cannon  
  112  7:32  Stalker x5  
  112  7:34  Probe  
  112  7:37  Pylon  
  121  7:38  Stalker  
  121  7:39  Probe x2  
  121  7:41  Oracle  
  128  7:48  Shield Battery  
  128  7:49  Pylon  
  128  7:51  Stalker x2  
  129  8:06  Zealot  
  129  8:07  Zealot x3  
  129  8:08  Zealot  
  129  8:09  Pylon  
  129  8:11  Zealot x2  
  129  8:12  Pylon  
  143  8:15  Nexus  
  143  8:16  Nexus  
  143  8:18  Zealot x2  
  146  8:27  Zealot x4  
  146  8:33  Protoss Shields Level 1 (Chrono Boost)  
  154  8:36  Templar Archives  
  154  8:37  Probe x2  
  156  8:42  Pylon  
  140  8:52  Zealot x11  
  146  9:06  Assimilator  
  146  9:07  Assimilator  
  145  9:14  High Templar x4  
  153  9:18  Archon  
  153  9:19  Archon  
  153  9:21  Zealot x7  
  153  9:23  Pylon  
  167  9:28  Pylon  
  135  9:39  Probe x2, Robotics Facility x2  
  135  9:40  Probe x2  
  135  9:43  Zealot x7  
  146  9:54  Stalker x4  
  150  10:08  Stalker x6, Pylon  
  150  10:13  Pylon  
  142  10:22  Zealot x4  
  144  10:29  Pylon  
  144  10:33  Immortal x2 (Chrono Boost)  
  144  10:34  High Templar x2  
  147  10:39  Archon  
  147  10:40  Photon Cannon, Pylon  
  147  10:42  Photon Cannon  
  154  10:50  Zealot x4  
  154  10:54  Zealot x2  
  166  11:02  Assimilator  
  166  11:03  Assimilator  
  166  11:04  Pylon  
  164  11:05  Observer (Chrono Boost)  
  164  11:09  Immortal (Chrono Boost)  
  168  11:20  Immortal (Chrono Boost), Zealot x4  
  168  11:23  Pylon  
  178  11:33  Nexus  
  174  11:40  High Templar  
  174  11:41  High Templar  
  174  11:42  Zealot x5  
  184  11:48  Archon  
  184  11:51  Stalker x3  
Show
View Real Time Build Order
Export as new Build Order

DRG Zerg - Winner!

Build Orders: Hatch First 

Get SALT Encoding   

  12  0:00  Drone  
  13  0:12  Overlord  
  13  0:17  Drone  
  14  0:30  Drone x2  
  14  0:33  Drone  
  17  0:52  Hatchery  
  17  0:54  Drone  
  17  0:58  Drone  
  17  1:02  Extractor  
  17  1:13  Spawning Pool  
  17  1:16  Drone  
  17  1:20  Drone  
  18  1:28  Drone  
  19  1:38  Drone  
  20  1:49  Drone  
  21  2:00  Overlord  
  21  2:03  Queen  
  21  2:04  Metabolic Boost  
  21  2:06  Zergling x2  
  24  2:09  Queen  
  24  2:13  Zergling x2  
  24  2:14  Drone  
  28  2:21  Drone  
  29  2:25  Drone  
  30  2:31  Drone  
  30  2:36  Drone  
  32  2:40  Hatchery  
  31  2:46  Queen  
  31  2:51  Overlord  
  33  2:53  Drone  
  33  2:55  Drone  
  33  2:57  Drone  
  36  3:04  Overlord  
  36  3:08  Queen  
  36  3:12  Drone x2  
  40  3:14  Drone  
  40  3:19  Drone x2  
  43  3:20  Drone  
  43  3:25  Queen  
  46  3:29  Overlord  
  46  3:31  Drone  
  47  3:38  Overlord  
  47  3:42  Drone  
  47  3:46  Spore Crawler  
  47  3:47  Queen  
  47  3:48  Drone x2  
  51  3:49  Drone  
  51  3:54  Queen  
  54  3:56  Drone  
  54  4:00  Drone x2  
  54  4:01  Drone  
  58  4:06  Evolution Chamber, Drone x2  
  58  4:09  Zergling x2  
  60  4:10  Zergling x2  
  60  4:12  Drone  
  60  4:14  Spore Crawler  
  60  4:17  Drone x2  
  62  4:18  Drone  
  62  4:23  Overlord  
  63  4:25  Drone  
  63  4:27  Overlord  
  63  4:28  Zergling x4  
  66  4:31  Drone  
  66  4:33  Drone  
  66  4:35  Drone x2  
  66  4:36  Zerg Melee Weapons Level 1  
  70  4:40  Overlord  
  70  4:41  Drone  
  71  4:46  Drone x4  
  73  4:54  Drone x3  
  73  4:56  Drone x2  
  73  4:57  Drone  
  79  5:02  Drone  
  80  5:08  Lair, Hatchery  
  80  5:10  Drone x2  
  80  5:12  Roach Warren  
  80  5:13  Drone x2  
  82  5:18  Drone  
  82  5:19  Drone  
  82  5:20  Drone x4  
  86  5:25  Extractor  
  86  5:26  Extractor, Overlord  
  86  5:27  Drone x2  
  86  5:28  Extractor  
  85  5:29  Drone x2  
  85  5:31  Spore Crawler  
  85  5:33  Drone  
  85  5:34  Overlord  
  87  5:36  Drone x2  
  87  5:37  Drone  
  90  5:53  Zergling x18  
  99  5:58  Hatchery  
  99  6:00  Overlord  
  99  6:03  Zergling x2  
  99  6:04  Zergling x6  
  102  6:06  Glial Reconstitution  
  102  6:08  Overlord  
  102  6:10  Baneling Nest, Evolution Chamber, Zergling x4  
  102  6:16  Zergling x6  
  105  6:21  Drone x6  
  105  6:24  Burrow  
  111  6:27  Overlord  
  111  6:28  Drone  
  111  6:31  Drone x2, Zergling x6  
  111  6:32  Zerg Melee Weapons Level 2  
  116  6:34  Overlord  
  116  6:37  Spore Crawler  
  115  6:45  Overlord  
  113  6:47  Zergling x10  
  113  6:52  Roach x4  
  125  6:55  Roach x6  
  125  6:58  Centrifugal Hooks  
  135  7:04  Roach  
  135  7:05  Roach x3  
  141  7:08  Overlord  
  141  7:09  Zergling x2  
  141  7:10  Zergling x8  
  141  7:11  Overlord  
  141  7:12  Queen  
  148  7:19  Zergling x10  
  148  7:20  Zergling x4  
  150  7:32  Zergling x20  
  159  7:38  Infestation Pit  
  159  7:40  Zergling x4  
  159  7:41  Zergling x8  
  164  7:44  Overlord  
  164  7:46  Overseer  
  164  7:50  Drone x4  
  168  7:53  Zergling x12  
  168  7:54  Overlord  
  168  7:55  Queen x2  
  180  7:58  Zergling x4  
  180  8:03  Overlord  
  179  8:10  Zerg Ground Armor Level 1  
  179  8:12  Baneling  
  179  8:13  Baneling x18  
  179  8:14  Overlord  
  179  8:15  Zergling x14  
  179  8:19  Zergling x12  
  192  8:26  Zergling x2  
  192  8:27  Zergling x14  
  198  8:30  Hive  
  198  8:33  Zergling x6  
  196  8:41  Drone x4  
  196  8:48  Zergling x22  
  197  8:52  Zergling x14  
  195  8:59  Zergling x12  
  195  9:00  Spine Crawler, Zergling x2  
  195  9:01  Spine Crawler  
  196  9:03  Baneling x6  
  196  9:04  Zergling x4  
  197  9:17  Zerg Missile Weapons Level 1  
  197  9:19  Zergling x6  
  200  9:25  Baneling x5  
  189  9:32  Zergling x20  
  189  9:36  Zergling x20  
  191  9:43  Zergling x12  
  193  9:48  Zergling x14  
  193  9:49  Zergling x2  
  197  9:52  Adrenal Glands  
  197  9:57  Zergling x10  
  195  10:01  Zergling x8  
  195  10:02  Zergling x2  
  195  10:03  Baneling x6  
  195  10:04  Roach x3  
  177  10:10  Zergling x8  
  173  10:14  Zergling x12  
  173  10:17  Zergling x6  
  172  10:22  Roach x5  
  165  10:28  Zergling x6  
  165  10:34  Zergling x8  
  170  10:38  Zergling x4  
  172  10:43  Zergling x10  
  172  10:44  Zergling x2  
  172  10:48  Ultralisk Cavern, Zergling x12  
  184  10:50  Zergling x8  
  184  10:54  Zergling x4  
  189  10:59  Hatchery  
  189  11:01  Zergling x10  
  189  11:02  Zergling x2  
  189  11:07  Zergling x10  
  184  11:12  Zergling x4  
  184  11:14  Baneling x19  
  184  11:15  Zergling x12  
  192  11:20  Baneling x2  
  192  11:22  Extractor x2, Zergling x10  
  195  11:28  Extractor  
  195  11:32  Zergling x14  
  187  11:36  Zergling x10  
  187  11:38  Baneling  
  187  11:39  Baneling x4  
  185  11:41  Zergling x2  

Tags
 
Add a new tag
Caveats
  • Supply blocks, unpowered buildings, or Contaminate may cause inaccurate times.
  • Supply counts are checked every 10 seconds.